 Dungeon Crawl Stone Soup version 0.31-a0-198-g2ad674f65e (webtiles) character file.

Game seed: 5454559009033640652

62 qw the Shooter (level 3, -5/20 HPs)
             Began as a Deep Elf Hunter on June 25, 2023.
             Slain by an ice beast (7 damage)
             ... on level 3 of the Dungeon.
             The game lasted 00:00:28 (1325 turns).

qw the Shooter (Deep Elf Hunter)                    Turns: 1325, Time: 00:00:29

Health: -5/20      AC:  5    Str: 10    XL:     3   Next: 85%
Magic:  5/5        EV: 11    Int: 13    God:
Gold:   118        SH:  0    Dex: 18    Spells: 2/2 levels left

rFire   . . .        Y - +0 shortbow
rCold   . . .        (shield currently unavailable)
rNeg    . . .        g - +0 ring mail
rPois   .            (no helmet)
rElec   .            (no cloak)
rCorr   .            (no gloves)
SInv    .            (no boots)
Will    .....        (no amulet)
Stlth   +            (no ring)
HPRegen 0.23/turn    (no ring)
MPRegen 0.09/turn

%: no passive effects
@: no status effects
A: no striking features
a: no special abilities


You were on level 3 of the Dungeon.
You visited 1 branch of the dungeon, and saw 3 of its levels.

You collected 118 gold pieces.


   Skills:
 - Level 1.5 Fighting
 + Level 7.3 Ranged Weapons
 - Level 2.4 Dodging
 - Level 1.2 Stealth


You had 2 spell levels left.
You didn't know any spells.
Your spell library was empty.

Inventory:

Hand Weapons
 Y - a +0 shortbow (weapon)
Armour
 c - a +0 pair of boots
 g - a +0 ring mail (worn)
Scrolls
 a - a scroll of identify
Potions
 b - a potion of haste {unknown}
 e - a potion of might {unknown}
 h - a potion of curing
 j - a potion of enlightenment {unknown}
 l - a potion of berserk rage {unknown}

Dungeon Overview and Level Annotations

Branches:
Dungeon (3/15)

Altars:

Shops:
D:1 !


Message History

You see here a +0 whip.
Found 3 scrolls of blinking.
Found a stone staircase leading up.
You see here 3 scrolls of blinking.
c - a +0 pair of boots You now have 118 gold pieces (gained 10).
A hobgoblin comes into view.
The hobgoblin shouts!
You shoot an arrow. The arrow hits the hobgoblin!
You kill the hobgoblin!
Found 7 stones.
Found a stone staircase leading down.
You see here a hobgoblin corpse.
Found a stone staircase leading down.
There is a stone staircase leading down here.
An adder comes into view.
You shoot an arrow. The arrow hits the adder.
The adder hisses angrily.
The adder is heavily wounded.
The adder bites you.
You shoot an arrow. The arrow hits the adder.
You kill the adder!
You start resting.
HP restored.
An ice beast comes into view.
You shoot an arrow. The arrow hits the ice beast.
The ice beast is lightly wounded.
You shoot an arrow. The arrow hits the ice beast.
The ice beast is moderately wounded.
You shoot an arrow. The arrow hits the ice beast.
The ice beast is moderately wounded.
The ice beast hits you. The ice beast freezes you!
Ouch! That really hurt!
You shoot an arrow. The arrow hits the ice beast.
The ice beast is heavily wounded.
The ice beast closely misses you.
You shoot an arrow. The arrow hits the ice beast.
The ice beast is severely wounded.
The ice beast hits you. The ice beast freezes you!
You die...

#. ### ####.
... ..... ..
#. ##.. #. #
#.. # #. #.
#.#.# ##
#.##.#.#.#
#...@Y...#
#.#..##.....
#..#.## ##.
#.###.# #
#..#.##.# #
#.%.....# #
###.##### #
#.# # #.#


You could see an ice beast.

Vanquished Creatures
  2 adders
  3 ball pythons
  A bat (D:1)
  6 endoplasms
  2 giant cockroaches (D:2)
  7 goblins
  4 hobgoblins
  3 jackals (D:1)
  2 kobolds
  2 quokkas (D:1)
  3 frilled lizards
  A rat (D:1)
36 creatures vanquished.

Notes
Turn   | Place    | Note
-------+----------+-------------------------------------------
     0 | D:1      | qw the Deep Elf Hunter began the quest for the Orb.
     0 | D:1      | Reached XP level 1. HP: 12/12 MP: 3/3
     0 | D:1      | 0 ||| qw: Version: 0.3-a-22-g0ed2b0b
     0 | D:1      | 0 ||| qw: Game counter: 4979
     0 | D:1      | 0 ||| qw: Melee chars always use a shield: true
     0 | D:1      | 0 ||| qw: God list: Okawaru
     0 | D:1      | 0 ||| qw: Allow faded altars: false
     0 | D:1      | 0 ||| qw: Do Orc after clearing Dungeon:15 true
     0 | D:1      | 0 ||| qw: Do second Lair branch before Depths: true
     0 | D:1      | 0 ||| qw: Lair rune preference: random
     0 | D:1      | 0 ||| qw: Goals: Normal
     0 | D:1      | 0 ||| PLANNING D:1-11
   121 | D:1      | Reached XP level 2. HP: 16/16 MP: 4/4
   126 | D:1      | 126 ||| Stepping ~*~*~tactically~*~*~ (outnumbered).
   131 | D:1      | Reached skill level 6 in Ranged Weapons
   441 | D:1      | Found Mutuma's Distillery.
   446 | D:1      | 446 ||| SHOPLISTING 2 potions of resistance (240 gold, have
                  | 40).
   446 | D:1      | 446 ||| SHOPLISTING potion of enlightenment (60 gold, have
                  | 40).
   446 | D:1      | 446 ||| SHOPLISTING potion of experience (600 gold, have
                  | 40).
   446 | D:1      | 446 ||| SHOPLISTING potion of might (48 gold, have 40).
   446 | D:1      | 446 ||| SHOPLISTING potion of mutation (96 gold, have 40).
   631 | D:1      | 631 ||| UPGRADING to +0 ring mail.
   641 | D:1      | 641 ||| DROPPING +0 leather armour.
   642 | D:1      | 642 ||| READING scroll labelled FEDUKI YHYHE.
   643 | D:1      | 643 ||| READING scroll labelled ISMUTY FAUHI.
   644 | D:1      | 644 ||| READING scroll labelled HYRASE DIMUCH.
   645 | D:1      | 645 ||| READING scroll labelled BIASI XEFOUFYFF.
   646 | D:1      | 646 ||| DRINKING 2 sapphire potions.
   647 | D:1      | 647 ||| DROPPING scroll of butterflies.
   740 | D:2      | Reached XP level 3. HP: 20/20 MP: 5/5
  1034 | D:2      | Reached skill level 7 in Ranged Weapons
  1192 | D:2      | 1192 ||| READING scroll labelled JOIVIBR FUHIOR.
  1320 | D:3      | Noticed an ice beast
  1323 | D:3      | HP: 3/20 [ice beast (13)]
  1325 | D:3      | Slain by an ice beast

Levels and vault maps discovered:
D:1:      dpeg_arrival_boxorama, layout_rooms, serial_shops,
          nicolae_shop_rolling_square
D:2:      layout_rooms, uniq_crazy_yiuf_cottage
D:3:      layout_loops_cross, nicolae_qazlal_eye_of_the_storm,
          ebering_ecumenical_altar_mist

Skill      XL: |  1  2  3 |
---------------+----------+-----
Ranged Weapons | 6 7 |  7.3
Fighting       | |  1.5
Dodging        | |  2.4
Stealth        | |  1.2

Action                     || total
---------------------------++-------
   Fire: Shortbow          ||    88
    Use: Scroll            ||     5
         Potion            ||     1
 Armour: Leather armour    ||    11
  Dodge: Dodged            ||    23

Table legend:
 A = Non-vault XP
 B = Vault XP
 C = Vault XP percentage of total XP
 D = Non-vault monster count
 E = Vault monster count
 F = Vault count percentage of total count
                 A         B        C        D         E       F
            +---------+---------+-------+---------+---------+-------
      Total |      89 |       0 |   0.0 |      36 |       0 |   0.0
            +---------+---------+-------+---------+---------+-------
        D:1 |      37 |       0 |   0.0 |      20 |       0 |   0.0
        D:2 |      33 |       0 |   0.0 |      12 |       0 |   0.0
        D:3 |      19 |       0 |   0.0 |       4 |       0 |   0.0
            +---------+---------+-------+---------+---------+-------
